 Dungeon Crawl Stone Soup version 0.21.1-1-g345015f (console) character file.

371 fly the Covert (level 6, -3/30 HPs)
             Began as a Spriggan Assassin on May 9, 2018.
             Killed from afar by an orc wizard (7 damage)
             ... with a magic dart
             ... on level 4 of the Dungeon on May 11, 2018.
             The game lasted 00:19:12 (5370 turns).

fly the Covert (Spriggan Assassin)                  Turns: 5370, Time: 00:19:13

Health: -3/30      AC:  5    Str:  7    XL:     6   Next: 42%
Magic:  7/7        EV: 22    Int: 12    God:
Gold:   1          SH:  0    Dex: 20    Spells: 5/5 levels left

rFire    . . .     SeeInvis +   a - +2 dagger
rCold    . . .     Gourm    .   (shield restricted)
rNeg     . . .     Faith    .   y - +0 robe
rPois    .         Spirit   .   (helmet restricted)
rElec    .         Reflect  .   q - +2 cloak
rCorr    .         Harm     .   (gloves unavailable)
MR       +....                  (boots unavailable)
Stlth    ++++......             (no amulet)
HPRegen  0.10/turn              (no ring)
MPRegen  0.10/turn              (no ring)

@: very quick
A: very small, unfitting armour, see invisible, herbivore, speed 3, slow
metabolism 2
a: no special abilities


You were on level 4 of the Dungeon.
You were hungry.

You visited 1 branch of the dungeon, and saw 4 of its levels.

You collected 152 gold pieces.
You spent 151 gold pieces at shops.

Inventory:

Hand Weapons
 a - a +2 dagger (weapon)
 w - a +0 blowgun
Missiles
 e - 13 poisoned needles
 f - 2 curare-tipped needles
Armour
 q - a +2 cloak (worn)
 y - a +0 robe (worn)
Scrolls
 c - a scroll of magic mapping {unknown}
 d - 2 scrolls of teleportation
 h - 2 scrolls of fog
 j - 2 scrolls of remove curse
 l - a scroll of noise
 n - a scroll of immolation
 o - 3 scrolls of amnesia
Potions
 i - 3 potions of degeneration
 k - 2 potions of heal wounds
 m - 2 potions of flight
 p - 2 potions of agility
 r - a potion of berserk rage
 s - a potion of brilliance
Comestibles
 g - 10 rations


   Skills:
 + Level 2.0 Fighting
 + Level 3.4 Short Blades
 - Level 2.0 Throwing
 - Level 6.0 Dodging
 - Level 9.0 Stealth


You had 5 spell levels left.
You didn't know any spells.

Dungeon Overview and Level Annotations

Branches:
Dungeon (4/15)
 Temple: D:4-7

Altars:

Shops:
D:4 *[?=

Annotations:
D:4 Grinder


Innate Abilities, Weirdness & Mutations

You are very small and have problems with some larger weapons.
You are too small for most types of armour.
You have supernaturally acute eyesight. (SInv)
You are a herbivore.
You cover ground extremely quickly.
You need consume almost no food.


Message History

Aim: an orc wizard, wielding a dagger and wearing a robe (poisoned)
You shoot a poisoned needle.
The poisoned needle hits the orc wizard.
The orc wizard looks even sicker.
The orc wizard casts a spell at you. The puff of flame hits you!
a - a +2 dagger (weapon)
The orc wizard barely misses you.
Things that are here:
a trident; an orc corpse You hit the orc wizard.
The orc wizard is heavily wounded.
The orc wizard points at you and mumbles some strange words.
The magic dart hits you!
* * * LOW HITPOINT WARNING * * *
You hit the orc wizard but do no damage.
The orc wizard is severely wounded.
The orc wizard points at you and mumbles some strange words.
The magic dart hits you!
You die...

.##................#.......######
.##................##.##......##.
..#.)##.#######..##.........#.#..
#.##..#.# ##..##.##.#...##....
#.###...# #......##....####...
........######)#.............#...
........##...).#.##..............
...........#####.##..........#...
.........### #@####......#.#...
........###### #o# ##...#.#...##
........(.(.(###(# #............
.......(####....(# #.#..........
...#.##.# ###.(## #.#..........
#....##.# #.######....#...#..#
#.......### #....#...####.......
#.##...5..## #.##.....##...#####.
#.##.......###.###...###.....###.


You could see an orc wizard.

Vanquished Creatures
  A hound (D:4)
  An orc priest (D:4)
  Jessica (D:2)
  An orc wizard (D:4)
  A worker ant (D:4)
  Robin (D:2)
  3 gnolls (D:3)
  9 adders
  An ooze (D:1)
  3 worms (D:3)
  2 dart slugs
  8 leopard geckos
  3 orcs
  5 bats
  4 giant cockroaches
  17 goblins
  9 hobgoblins
  8 jackals
  5 kobolds
  A quokka (D:3)
  4 frilled lizards
  6 rats
94 creatures vanquished.

Notes
Turn   | Place    | Note
-------+----------+-------------------------------------------
     0 | D:1      | fly the Spriggan Assassin began the quest for the Orb.
     0 | D:1      | Reached XP level 1. HP: 10/10 MP: 2/2
    49 | D:1      | Reached skill level 6 in Stealth
   380 | D:1      | Reached XP level 2. HP: 8/14 MP: 3/3
   733 | D:1      | Reached XP level 3. HP: 8/18 MP: 4/4
  1418 | D:2      | Reached XP level 4. HP: 19/22 MP: 5/5
  1426 | D:2      | Noticed Jessica
  1433 | D:2      | Killed Jessica
  1433 | D:2      | Reached skill level 7 in Stealth
  2276 | D:3      | Noticed Robin
  2487 | D:2      | Killed Robin
  2487 | D:2      | Reached XP level 5. HP: 14/25 MP: 6/6
  2847 | D:3      | Reached skill level 5 in Dodging
  3171 | D:3      | Reached skill level 8 in Stealth
  3676 | D:4      | Found Kier's Magic Scroll Boutique.
  3709 | D:4      | Bought a scroll of fog for 22 gold pieces
  3709 | D:4      | Bought a scroll of noise for 11 gold pieces
  3709 | D:4      | Bought a scroll of immolation for 38 gold pieces
  3714 | D:4      | Found Hienniom's Antique Armour Shoppe.
  3820 | D:4      | Found Zonedw Qecs's Jewellery Shop.
  3919 | D:4      | Reached XP level 6. HP: 12/30 MP: 7/7
  4079 | D:4      | Found Suckepi's General Store.
  4116 | D:4      | Bought a scroll of remove curse for 30 gold pieces
  4116 | D:4      | Bought a potion of berserk rage for 50 gold pieces
  4157 | D:4      | Noticed Grinder
  4610 | D:3      | Reached skill level 9 in Stealth
  5370 | D:4      | Killed from afar by an orc wizard

Skill      XL: |  1  2  3  4  5  6 |
---------------+-------------------+-----
Stealth        | 6 7 8 9 |  9.0
Dodging        | 2 3 4 5 6 |  6.0
Short Blades   | 3 |  3.4
Fighting       | 2 |  2.0
Throwing       | |  2.0

Action                   |  1- 3 |  4- 6 || total
-------------------------+-------+-------++-------
Melee: Dagger            |   108 |   448 ||   556
 Fire: Blowgun           |     7 |    26 ||    33
  Use: Scroll            |       |     8 ||     8
 Stab: Sleeping          |     8 |     8 ||    16
  Eat: Ration            |       |     1 ||     1
Armor: Robe              |    10 |    45 ||    55
Dodge: Dodged            |    70 |   316 ||   386
